 Dungeon Crawl Stone Soup version 0.17-a0-737-gf0a300a (webtiles) character file.

73 Ngotmuk the Skirmisher (level 4, -1/44 HPs)
             Began as a Naga Fighter on Apr 21, 2015.
             Killed from afar by Jessica (9 damage)
             ... with a wand of flame
             ... on level 3 of the Dungeon.
             The game lasted 00:06:12 (2017 turns).

Ngotmuk the Skirmisher (Naga Fighter)               Turns: 2017, Time: 00:06:12

Health: -1/44      AC:  5    Str: 20    XL:     4   Next: 27%
Magic:  4/4        EV:  5    Int:  8    God:
Gold:   110        SH:  9    Dex: 10    Spells: 0 memorised, 3 levels left

rFire  . . .     SeeInvis +     a - +0 long sword
rCold  . . .     Clarity  .     b - +0 scale mail
rNeg   . . .     SustAb   .     c - +0 shield
rPois  +         Gourm    .     (no helmet)
rElec  .         Spirit   .     (no cloak)
rCorr  .         Warding  .     (no gloves)
rMut   .         Stasis   .     (no barding)
MR     .....                    (no amulet)
Stlth  ..........               (no ring)
                                p - ring of flight

@: very slow, not resistant to hostile enchantments, extremely unstealthy
A: see invisible, deformed body, poison resistance, slowness 2, slow metabolism
1, spit poison 2, AC +1
a: Spit Poison, Evoke Flight


You were on level 3 of the Dungeon.
You were not hungry.

You visited 1 branch of the dungeon, and saw 3 of its levels.

You collected 110 gold pieces.

Inventory:

Hand weapons
 a - a +0 long sword (weapon)
Armour
 b - a +0 scale mail (worn)
 c - a +0 shield (worn)
Jewellery
 p - a ring of flight (left hand)
Scrolls
 g - 3 scrolls of teleportation {unknown}
 h - 2 scrolls of enchant weapon {unknown}
 j - 2 scrolls of enchant armour {unknown}
 k - a scroll of noise {unknown}
 l - 3 scrolls of identify {unknown}
 m - a scroll of remove curse {unknown}
 o - a scroll of recharging {unknown}
 s - a scroll of immolation {unknown}
Potions
 d - 2 potions of might
 f - a potion of heal wounds {unknown}
 i - a potion of cancellation {unknown}
 n - a potion of resistance {unknown}
 q - a potion of curing {unknown}
 r - a potion of degeneration {unknown}
 t - a potion of flight {unknown}
Comestibles
 e - 2 bread rations
 u - a slice of pizza


   Skills:
 + Level 3.7 Fighting
 + Level 2.5 Long Blades
 + Level 2.8 Armour
 + Level 0.5 Dodging
 + Level 2.8 Shields


You had 3 spell levels left.
You didn't know any spells.

Dungeon Overview and Level Annotations

Branches:
Dungeon (3/15)

Altars:
Fedhas

Annotations:
D:3 Jessica


Innate Abilities, Weirdness & Mutations

You cannot wear boots.
Your serpentine skin is tough (AC +1).
You have supernaturally acute eyesight.
Armour fits poorly on your strangely shaped body.
Your system is resistant to poisons.
You cover ground very slowly.
You have a slow metabolism.
You can spit poison.


Message History

You easily resist.
You closely miss Jessica.
Jessica is severely wounded.
Jessica zaps a wand.
The puff of flame misses you.
The puff of flame misses the kobold.
You block the kobold's attack. You block Jessica's attack.
The kobold hits you with a club.
You hit Jessica.
Jessica is almost dead.
Jessica hits you with an enchanted club.
The kobold hits you with a club.
* * * LOW HITPOINT WARNING * * *
You hit Jessica but do no damage.
Jessica is almost dead.
Jessica hits you with an enchanted club.
* * * LOW HITPOINT WARNING * * *
The kobold barely misses you.
You hit Jessica but do no damage.
Jessica is almost dead.
Jessica zaps a wand.
The puff of flame hits you!
You die...

#.# #.# .
#.# #. ###.#
#. ....# #.
##### #.
#.#########
#...........
##@@K....#
#..#######
##...##
########
#..#..##
........
...##.##.###
########
##..#.⌠.#...
#####
#..##.##.###
....#
#....#.....#
###.#
####....##.#


You could see Jessica and a kobold.

Vanquished Creatures
  An adder (D:2)
  2 oozes
  A worm (D:2)
  A giant gecko (D:2)
  An orc (D:3)
  2 ball pythons
  5 bats
  9 goblins
  3 hobgoblins (D:1)
  5 jackals
  4 kobolds
  A quokka (D:2)
  6 giant cockroaches
  4 giant newts
  4 rats
49 creatures vanquished.

Notes
Turn   | Place    | Note
--------------------------------------------------------------
     0 | D:1      | Ngotmuk, the Naga Fighter, began the quest for the Orb.
     0 | D:1      | Reached XP level 1. HP: 21/21 MP: 1/1
   109 | D:1      | Reached XP level 2. HP: 25/28 MP: 2/2
   357 | D:1      | Reached XP level 3. HP: 2/34 MP: 3/3
  1484 | D:2      | Reached XP level 4. HP: 25/43 MP: 4/4
  1526 | D:2      | Found a blossoming altar of Fedhas.
  2006 | D:3      | Noticed Jessica
  2017 | D:3      | Killed from afar by Jessica

Action                   |  1- 3 |  4- 6 || total
-------------------------+-------+-------++-------
Melee: Long sword        |   164 |    36 ||   200
  Eat: Bread ration      |       |     1 ||     1
